cohdb
Replays
Latest Replays
All Replays
Popular Replays
Top Player Replays
Match Explorer
How It Works
Community
CoH3 Stats
Reddit
Sign in to upload your games and track your stats! →
Sign in with Steam
Match 44550674
Unlisted
Match 44550674
Overview
Messages
Build Orders
End
Panzergrenadier Squad
Selects Panzerjäger Kommand Battlegroup
Panzergrenadier Squad
Panzergrenadier Squad
Construct Light Support Kompanie
2.5-tonne Medical Truck
Selects GrB 39 Grenade Launcher Requisition
250 Light Carrier
Fire Support Elements
Panzerjäger Mechanized Group
Flakvierling Half-track
Selects Mine Fields
Selects Defensive Positions
Panzergrenadier Squad
Pak 38 Anti-tank Gun Team
Flakvierling Half-track
Selects Butterfly Bomb Drop
Butterfly Bomb Drop
Assault Mechanized Group
MG34 Team
Butterfly Bomb Drop
Construct Mechanized Kompanie
Selects Crew Shock Tactics
Panzergrenadier Squad
Construct Panzerarmee Kommand
Walking Stuka Rocket Launcher
Butterfly Bomb Drop
2.5-tonne Medical Truck
el campo
Vondorberg
MaXiS
Svenious Jakobus (GB)
POUP
Jonnies
0
0
Comments
sign in to comment!
No comments posted yet!